 Dungeon Crawl Stone Soup version 0.28-a0-381-g937acc2988 (webtiles) character file.

Game seed: 7179721225553140459

305 Demosthentine the Poker (level 6, -2/48 HPs)
             Began as a Merfolk Gladiator on Sept 2, 2021.
             Slain by a kobold brigand (4 damage)
             ... in a sewer.
             The game lasted 00:04:02 (3854 turns).

Demosthentine the Poker (Merfolk Gladiator)         Turns: 3854, Time: 00:04:02

Health: -2/48      AC:  5    Str: 16    XL:     6   Next: 39%
Magic:  6/6        EV: 19    Int:  7    God:
Gold:   16         SH:  0    Dex: 22    Spells: 5/5 levels left

rFire   + . .      SeeInvis .   a - +0 trident
rCold   . . .      Faith    .   (no shield)
rNeg    . . .      Spirit   .   j - +1 leather armour {rF+}
rPois   .          Reflect  .   c - +0 helmet
rElec   .          Harm     .   (no cloak)
rCorr   .          Rampage  .   (no gloves)
Will    .....                   (boots currently unavailable)
Stlth   +++.......              (no amulet)
HPRegen 0.16/turn               f - +6 ring of dexterity
MPRegen 0.10/turn               (no ring)

@: very quick
A: nimble swimmer 2, mertail
a: no special abilities


You were in a sewer.
You visited 1 branch of the dungeon, and saw 4 of its levels.
You also visited: Sewer.

You collected 121 gold pieces.
You spent 105 gold pieces at shops.

Inventory:

Hand Weapons
 a - a +0 trident (weapon)
Missiles
 d - 3 throwing nets (quivered)
Armour
 c - a +0 helmet (worn)
 j - a +1 leather armour of fire resistance (worn)
Jewellery
 f - a +6 ring of dexterity (left hand)
Scrolls
 b - a scroll of blinking
 k - a scroll of identify
Potions
 e - a potion of flight {unknown}
 g - a potion of haste {unknown}
 h - a potion of curing
 i - a potion of ambrosia {unknown}


   Skills:
 + Level 4.0 Fighting
 + Level 6.3 Polearms
 - Level 2.0 Throwing
 + Level 2.1 Armour
 + Level 5.7 Dodging


You had 5 spell levels left.
You didn't know any spells.
Your spell library was empty.

Dungeon Overview and Level Annotations

Branches:
Dungeon (4/15)              Sewer (1/1)
 Temple: D:4-7

Altars:

Shops:
D:3 ?


Innate Abilities, Weirdness & Mutations

You are quick and stealthy near water. (Stealth+, EV+, Speed+++)
Your lower body shifts to a powerful aquatic tail in water.


Message History

You are too injured to fight recklessly!
You are too injured to fight recklessly!
You are too injured to fight recklessly!
You are too injured to fight recklessly!
You are too injured to fight recklessly!
You are too injured to fight recklessly!
You are too injured to fight recklessly!
You are too injured to fight recklessly!
You are too injured to fight recklessly!
You are too injured to fight recklessly!
You are too injured to fight recklessly!
You are too injured to fight recklessly!
You are too injured to fight recklessly!
You are too injured to fight recklessly!
You are too injured to fight recklessly!
Unknown command.
You miss the kobold brigand.
The kobold brigand is severely wounded.
The kobold brigand closely misses you. The kobold misses you.
The kobold barely misses you.
You closely miss the kobold brigand.
The kobold brigand is severely wounded.
The kobold brigand hits you with a +0 short sword.
The kobold hits you with a +0 club.
* * * LOW HITPOINT WARNING * * *
The kobold completely misses you.
You hit the kobold brigand.
The kobold brigand is almost dead.
The kobold brigand hits you with a +0 short sword.
* * * LOW HITPOINT WARNING * * *
The kobold hits you but does no damage. x2
You hit the kobold brigand.
The kobold brigand is almost dead.
The kobold brigand hits you with a +0 short sword.
* * * LOW HITPOINT WARNING * * *
The kobold misses you.
The kobold hits you with a +0 short sword.
* * * LOW HITPOINT WARNING * * *
The kobold brigand hits you with a +0 short sword.
You die...

≈≈≈≈≈≈≈≈≈≈≈≈≈≈≈≈≈≈≈≈≈≈≈
#########≈≈≈≈≈≈#######
#!.#[?##≈#≈#≈#..#..#
!...!#≈#≈#≈##.....#
##.K.###≈#≈#≈##...##
#.....#≈#≈#≈##.....#
#...K.##≈#≈#≈#.....#
###'###≈#≈#≈####)###
#..KK≈@≈≈≈≈≈≈≈≈).).#
#...KK≈≈≈≈≈≈≈≈≈≈...##
##....≈÷≈≈≈≈≈≈≈≈....#
#....#≈≈≈≈≈≈≈≈≈....#
#....##≈≈≈≈≈≈≈≈...##
#.....#≈≈≈≈≈≈≈≈...#
#.....÷≈≈≈≈≈≈≈≈...##
##....≈≈≈≈≈≈≈≈≈....##
##....≈≈≈≈≈≈≈≈.....#


You could see a kobold brigand and 3 kobolds.

Vanquished Creatures
  A centaur (D:3)
  An orc priest (D:2)
  A gnoll (D:1)
  2 river rats (Sewer)
  7 adders
  A worm (D:2)
  2 dart slugs
  4 orcs
  9 bats
  6 endoplasms
  7 giant cockroaches
  3 hobgoblins
  4 jackals
  3 quokkas
  10 ball pythons
  9 frilled lizards
  4 goblins
  11 kobolds
  22 rats
107 creatures vanquished.

Vanquished Creatures (others)
  An orc wizard (D:2)
  A frilled lizard (D:2)
2 creatures vanquished.

Grand Total: 109 creatures vanquished

Notes
Turn   | Place    | Note
-------+----------+-------------------------------------------
     0 | D:1      | Demosthentine the Merfolk Gladiator began the quest for the
                  | Orb.
     0 | D:1      | Reached XP level 1. HP: 16/16 MP: 1/1
     7 | D:1      | Found a faded altar of an unknown god.
    90 | D:1      | Reached XP level 2. HP: 23/23 MP: 2/2
   501 | D:1      | Reached XP level 3. HP: 23/28 MP: 3/3
   923 | D:1      | Reached skill level 5 in Polearms
  1325 | D:2      | Reached skill level 1 in Armour
  1438 | D:2      | Reached XP level 4. HP: 34/34 MP: 4/4
  2148 | D:2      | Reached skill level 5 in Dodging
  2148 | D:2      | Reached XP level 5. HP: 19/41 MP: 5/5
  2951 | D:3      | Found Jimoicha's Magic Scroll Emporium.
  3003 | D:3      | Bought a scroll of blinking for 105 gold pieces
  3163 | D:3      | Noticed a centaur
  3181 | D:3      | Killed a centaur
  3182 | D:3      | Reached skill level 6 in Polearms
  3182 | D:3      | Reached XP level 6. HP: 24/48 MP: 6/6
  3475 | D:4      | Found a glowing drain.
  3491 | Sewer    | Entered a sewer
  3853 | Sewer    | HP: 2/48 [kobold (2)]
  3854 | Sewer    | Slain by a kobold brigand

Illustrated notes

Levels and vault maps discovered:
D:1:      dpeg_arrival_arbitrary_b, layout_basic, serial_forest,
          infiniplex_forest_corner_1, infiniplex_forest_clump_small,
          infiniplex_forest_end_2, infiniplex_forest_corner_2,
          infiniplex_forest_end_1, hellmonk_ecumenical_altar_blasted
D:2:      layout_basic, lemuel_another_geyser
D:3:      layout_loops_ring, serial_shops, shop
D:4:      layout_gridville, minmay_temple_entry_wispy,
          cheibrodos_sewer_entry_sluice
Sewer:    sewer_minmay_treatment

Skill      XL: |  1  2  3  4  5  6 |
---------------+-------------------+-----
Polearms       | 5 6 |  6.3
Armour         | 1 2 |  2.1
Fighting       | 3 4 |  4.0
Dodging        | 5 |  5.7
Throwing       | |  2.0

Action                   |  1- 3 |  4- 6 || total
-------------------------+-------+-------++-------
Melee: Trident           |   113 |   253 ||   366
       Tailslap          |       |     9 ||     9
  Use: Scroll            |     3 |     1 ||     4
       Potion            |       |     1 ||     1
 Stab: Sleeping          |     4 |     5 ||     9
Armor: Leather armour    |    21 |    64 ||    85
Dodge: Dodged            |    59 |   210 ||   269

Table legend: (Time is in decaauts)
 A = Elapsed time spent in this place.
 B = Non-inter-level travel time spent in this place.
 C = Inter-level travel time spent in this place.
 D = Time resting spent in this place.
 E = Time spent auto-exploring this place.
 F = Levels seen in this place.
 G = Mean time per level.
                   A        B        C        D        E       F      G
               +--------+--------+--------+--------+--------+-----+--------+
         Total |   3828 |   3756 |     72 |      0 |   2966 |   5 |  765.6 |
       Dungeon |   3487 |   3415 |     72 |      0 |   2726 |   4 |  871.8 |
         Sewer |    341 |    341 |      0 |      0 |    240 |   1 |  341.0 |
               +--------+--------+--------+--------+--------+-----+--------+

Top non-repeatable levels by time:
     D:2: 1358 daAuts
     D:1: 1314 daAuts
     D:3: 748 daAuts
   Sewer: 341 daAuts
     D:4: 64 daAuts
